 Dungeon Crawl Stone Soup version 0.19.0-2-gae57169 (webtiles) character file.

5558 Inkary the Cleaver (level 10, -1/83 HPs)
             Began as a Minotaur Fighter on Nov 5, 2016.
             Was a Believer of Qazlal.
             Killed from afar by Josephine (14 damage)
             ... with a ghostly fireball
             ... on level 9 of the Dungeon.
             The game lasted 00:13:40 (6210 turns).

Inkary the Cleaver (Minotaur Fighter)               Turns: 6210, Time: 00:13:41

Health: -1/83      AC: 11    Str: 23    XL:     10   Next: 44%
Magic:  9/9        EV:  8    Int:  5    God:    Qazlal [**....]
Gold:   185        SH: 14    Dex: 18    Spells: 0 memorised, 9 levels left

rFire  . . .     SeeInvis .     a - +1 war axe
rCold  . . .     Gourm    .     v - +1 scale mail of Compression {Dex+3}
rNeg   . . .     Faith    .     c - +0 shield
rPois  .         Spirit   .     (helmet restricted)
rElec  .         Reflect  .     z - +1 cloak
rCorr  +         Harm     .     (no gloves)
MR     .....                    (no boots)
Stlth  ..........               d - amulet of regeneration
                                n - ring of resist corrosion
                                t - +4 ring of dexterity

@: lethally poisoned (-1 -> -1), heavily drained
A: retaliatory headbutt, horns 2
a: Upheaval, Renounce Religion


You were on level 9 of the Dungeon.
You worshipped Qazlal.
Qazlal was pleased with you.
You were hungry.

You visited 2 branches of the dungeon, and saw 11 of its levels.

You collected 401 gold pieces.
You spent 216 gold pieces at shops.

Inventory:

Hand Weapons
 a - a +1 war axe (weapon)
Missiles
 I - 3 poisoned javelins (quivered)
Armour
 c - a +0 shield (worn)
 u - a +1 ring mail of magic resistance
 v - the +1 scale mail of Compression (worn) {Dex+3}
   (You bought it in a shop on level 9 of the Dungeon)

   It affects your dexterity (+3).
 z - a +1 cloak (worn)
Jewellery
 d - an amulet of regeneration (around neck)
 n - a ring of resist corrosion (right hand)
 t - a +4 ring of dexterity (left hand)
Wands
 h - a wand of lightning (7/15)
 w - a wand of lightning (10/15)
 G - a wand of enslavement (11/24)
Scrolls
 e - a scroll of recharging {unknown}
 i - 4 scrolls of enchant weapon
 m - a scroll of amnesia {unknown}
 x - 5 scrolls of remove curse
 J - a scroll of vulnerability {unknown}
Potions
 g - 2 potions of degeneration
 j - 3 potions of resistance
 k - 4 potions of curing
 q - a potion of magic
 C - a potion of lignification
 H - 2 potions of ambrosia {unknown}
Comestibles
 b - 2 meat rations
 f - 6 bread rations
 l - 2 beef jerkies
 r - a royal jelly
 s - 9 fruits
 F - a slice of pizza


   Skills:
 - Level 6.2(4.6) Fighting
 * Level 13.1(11.1) Axes
 - Level 4.0(2.4) Throwing
 + Level 8.8(7.1) Armour
 + Level 8.2(6.5) Shields
 + Level 1.0(0.0) Invocations


You had 9 spell levels left.
You didn't know any spells.

Dungeon Overview and Level Annotations

Branches:
Dungeon (10/15)            Temple (1/1) D:7            Lair (0/6) D:8
    Orc: D:9-12

Altars:
Ashenzari
Cheibriados
Dithmenos
Elyvilon
Fedhas
Gozag
Hepliaklqana
Kikubaaqudgha
Makhleb
Nemelex Xobeh
Okawaru
Qazlal
Ru
Sif Muna
Trog
Uskayaw
Vehumet
Xom
Yredelemnul
Zin
The Shining One
Beogh

Shops:
D:5 [   D:8 }   D:9 [

Annotations:
D:9 Josephine


Innate Abilities, Weirdness & Mutations

You reflexively headbutt those who attack you in melee.
You have a pair of horns on your head.


Message History

Josephine is infused with unholy energy.
Josephine draws life force from you and is healed!
You hit Josephine.
You headbutt Josephine, but do no damage.
Josephine is heavily wounded.
You feel sick. Josephine casts a spell at you.
The ghostly flame explodes!
The ghostly fireball engulfs you!
You feel drained.
* * * LOW HITPOINT WARNING * * *
The ghostly fireball engulfs Josephine.
Josephine completely resists.
You hit Josephine but do no damage. You headbutt Josephine.
Josephine is heavily wounded.
You feel sick. Josephine hits you but does no damage.
Unknown command.
You barely miss Josephine. Your headbutt misses Josephine.
Josephine is heavily wounded.
You feel sick.
Josephine points at you and mumbles some strange words.
The ghostly flame explodes!
The ghostly fireball engulfs you!
You feel drained.
You die...

#......# #......#
#......# ###'#### #.##
#..# ########## ##.##
#........# #..#
#..@...>.# ###.###
#ยง@).....# #.....#
####).......# #.....#
#..)).......#
###...<.#
#.##........#
........#
#.##........#
###...o.#
##.##........#
#.....###..##........#
#.....o...###........#
#..(..##### #..(.....#


You could see Josephine.

Vanquished Creatures
  A death yak (D:8)
  Maurice (D:8)
  Grinder (D:3)
  3 yaks (D:8)
  3 vampire mosquitoes (D:8)
  4 orc warriors
  An ice beast (D:8)
  A sky beast (D:5)
  A necrophage (D:9)
  A phantom (D:9)
  2 centaurs
  6 ogres
  A crocodile (D:9)
  A big kobold (D:6)
  3 bullfrogs (D:8)
  A water moccasin zombie (D:9)
  4 scorpions
  A water moccasin skeleton (D:8)
  A howler monkey (D:9)
  A bullfrog zombie (D:6)
  4 crimson imps
  A quasit (D:8)
  2 jellies
  A bullfrog skeleton (D:9)
  3 hounds
  5 orc priests
  10 orc wizards
  An iron imp (D:8)
  2 iguanas
  11 worker ants
  A killer bee zombie (D:7)
  A hound zombie (D:9)
  A worker ant zombie (D:6)
  3 gnolls (D:9)
  11 adders
  2 oozes
  An adder zombie (D:9)
  2 adder skeletons
  2 worms
  4 dart slugs
  3 leopard geckos
  49 orcs
  4 bats
  3 giant cockroaches
  12 goblins
  13 hobgoblins
  23 jackals
  9 kobolds
  5 quokkas
  A ball python (D:1)
  2 frilled lizards (D:1)
  A quokka skeleton (D:6)
  4 rats
235 creatures vanquished.

Notes
Turn   | Place    | Note
-------+----------+-------------------------------------------
     0 | D:1      | Inkary the Minotaur Fighter began the quest for the Orb.
     0 | D:1      | Reached XP level 1. HP: 19/19 MP: 0/0
   245 | D:1      | Reached skill level 3 in Axes
   247 | D:1      | Reached XP level 2. HP: 20/27 MP: 1/1
   509 | D:1      | Reached XP level 3. HP: 29/33 MP: 2/2
   699 | D:2      | Reached skill level 4 in Axes
   733 | D:2      | Found a burning altar of Makhleb.
  1476 | D:3      | Reached XP level 4. HP: 41/41 MP: 3/3
  1536 | D:3      | Noticed Grinder
  1555 | D:3      | Paralysed by Grinder for 3 turns
  1562 | D:3      | Killed Grinder
  1562 | D:3      | Reached skill level 5 in Fighting
  1562 | D:3      | Reached skill level 6 in Axes
  1562 | D:3      | Reached XP level 5. HP: 8/48 MP: 4/4
  1562 | D:3      | Reached XP level 6. HP: 10/56 MP: 5/5
  1780 | D:3      | Found a sacrificial altar of Ru.
  2123 | D:4      | Reached skill level 7 in Axes
  2182 | D:4      | Found an opulent altar of Gozag.
  2323 | D:4      | Reached XP level 7. HP: 55/63 MP: 6/6
  2560 | D:4      | Reached skill level 8 in Axes
  2621 | D:5      | Entered Level 5 of the Dungeon
  2700 | D:5      | Found Purr's Antique Armour Shoppe.
  2904 | D:5      | Got a translucent leather armour
  2915 | D:5      | Identified the +1 leather armour of the Bruised Cities {Str+4 Dex-4 Slay+5} (You found it on level 5 of the Dungeon)
  3038 | D:5      | Reached skill level 9 in Axes
  3046 | D:5      | Reached XP level 8. HP: 58/70 MP: 7/7
  3131 | D:5      | Found a shadowy altar of Dithmenos.
  3148 | D:5      | Reached skill level 5 in Armour
  3383 | D:6      | Reached skill level 5 in Shields
  3463 | D:6      | Found a shattered altar of Ashenzari.
  3529 | D:6      | Reached skill level 10 in Axes
  3598 | D:6      | Found a basalt altar of Yredelemnul.
  4151 | D:7      | Reached XP level 9. HP: 68/75 MP: 8/8
  4229 | D:7      | Found a staircase to the Ecumenical Temple.
  4242 | Temple   | Entered the Ecumenical Temple
  4259 | Temple   | Became a worshipper of Qazlal Stormbringer
  4407 | D:7      | Reached skill level 11 in Axes
  4745 | D:8      | Reached skill level 1 in Throwing
  4758 | D:8      | Noticed Maurice
  4787 | D:8      | Killed Maurice
  4854 | D:8      | Reached skill level 12 in Axes
  4894 | D:8      | Found a snail-covered altar of Cheibriados.
  4962 | D:8      | Found a staircase to the Lair.
  4963 | D:8      | Noticed a death yak
  4991 | D:8      | Reached * piety under Qazlal
  4993 | D:8      | Reached XP level 10. HP: 4/83 MP: 9/9
  5192 | D:8      | Killed a death yak
  5375 | D:8      | Found Luibecw's Gadget Boutique.
  5456 | D:8      | Found a white marble altar of Elyvilon.
  5701 | D:9      | Found Osucoic's Antique Armour Shop.
  5715 | D:9      | Bought a twisted scale mail for 216 gold pieces
  5726 | D:9      | Identified the +1 scale mail of Compression {Dex+3} (You bought it in a shop on level 9 of the Dungeon)
  5821 | D:9      | Found a roughly hewn altar of Beogh.
  5922 | D:9      | Reached skill level 13 in Axes
  5954 | D:9      | Reached ** piety under Qazlal
  6040 | D:9      | Found an iron altar of Okawaru.
  6127 | D:9      | Found a burning altar of Makhleb.
  6176 | D:10     | Entered Level 10 of the Dungeon
  6187 | D:10     | Reached skill level 1 in Invocations
  6192 | D:10     | Noticed Josephine
  6210 | D:9      | Killed from afar by Josephine

Skill      XL: |  1  2  3  4  5  6  7  8  9 10 |
---------------+-------------------------------+-----
Axes           | 3 4 6 7 9 10 12 13 | 13.1
Fighting       | 4 5 6 |  6.2
Armour         | 4 6 8 |  8.8
Shields        | 4 6 7 8 |  8.2
Throwing       | 3 4 |  4.0
Invocations    | 1 |  1.0

Action                   |  1- 3 |  4- 6 |  7- 9 | 10-12 || total
-------------------------+-------+-------+-------+-------++-------
Melee: War axe           |   104 |    98 |   233 |   112 ||   547
       Headbutt          |    10 |    15 |    44 |    23 ||    92
Throw: Javelin           |       |       |     5 |       ||     5
  Use: Potion            |       |       |     2 |     3 ||     5
       Scroll            |       |       |       |    12 ||    12
  Eat: Chunk             |     2 |     2 |    10 |     3 ||    17
Armor: Scale mail        |    44 |    18 |       |     7 ||    69
       Ring mail         |       |     1 |    22 |       ||    23
       Leather armour    |       |       |    48 |     9 ||    57
Dodge: Dodged            |    36 |    20 |    58 |    18 ||   132
Block: Shield            |    50 |    44 |   129 |    60 ||   283
